 Dungeon Crawl Stone Soup version 0.24.0-123-gd5b16e6ec5 (webtiles) character file.

Game seed: 15041199312922857107, levelgen mode: deterministic

59 Mevorra the Chiller (level 4, -2/30 HPs)
             Began as a Merfolk Ice Elementalist on Jan 26, 2020.
             Slain by a gnoll
             ... wielding a +0 spear
              (5 damage)
             ... on level 2 of the Dungeon.
             The game lasted 00:11:36 (1067 turns).

Mevorra the Chiller (Merfolk Ice Elementalist)      Turns: 1067, Time: 00:11:37

Health: -2/30      AC:  3    Str:  8    XL:     4   Next: 3%
Magic:  5/8        EV: 13    Int: 15    God:
Gold:   76         SH:  0    Dex: 14    Spells: 6/9 levels left

rFire    . . .     SeeInvis .   (no weapon)
rCold    . . .     Gourm    .   (no shield)
rNeg     . . .     Faith    .   g - +0 robe
rPois    .         Spirit   .   (no helmet)
rElec    .         Reflect  .   (no cloak)
rCorr    .         Harm     .   e - +0 pair of gloves
MR       .....     Rnd*Tele +   (no boots)
Stlth    ++........             (no amulet)
HPRegen  0.10/turn              h - ring of teleportation (curse)
MPRegen  0.11/turn              (no ring)

@: no status effects
A: change form in water, swift swim, stealthy swim
a: no special abilities


You were on level 2 of the Dungeon.
You were very hungry.

You visited 1 branch of the dungeon, and saw 2 of its levels.

You collected 76 gold pieces.

Inventory:

Armour
 e - a +0 pair of gloves (worn)
 g - a +0 robe (worn)
Jewellery
 h - a cursed ring of teleportation (left hand)
Potions
 b - 2 potions of might
Comestibles
 c - 2 rations


   Skills:
 + Level 3.1 Dodging
 - Level 2.3 Stealth
 + Level 3.0 Spellcasting
 + Level 0.7 Conjurations
 + Level 4.1 Ice Magic


You had 6 spell levels left.
You knew the following spells:

 Your Spells              Type           Power        Failure   Level  Hunger
a - Freeze                Ice            ##..         3%          1    #......
b - Throw Frost           Conj/Ice       #.....       11%         2    ##.....

Your spell library contained the following spells:

 Spells                   Type           Power        Failure   Level  Hunger
 Ozocubu's Armour         Chrm/Ice       #.......     26%         3    ###....
 Throw Icicle             Conj/Ice       #.......     58%         4    #####..
 Summon Ice Beast         Ice/Summ       #.......     65%         4    #####..


Dungeon Overview and Level Annotations

Branches:
Dungeon (2/15)

Altars:


Message History

Aim: a gnoll, wielding a +0 club (moderately wounded)
You freeze the gnoll.
The gnoll is severely wounded.
The gnoll hits you from afar with a +0 halberd!
The gnoll hits you but does no damage.
Casting: Freeze (safe; 3% risk of failure)
Confirm with . or Enter, or press ? or * to list all spells.
Aiming: Freeze (safe; 3% risk of failure)
Press: ? - help, Shift-Dir - straight line, f/p - gnoll
Aim: a gnoll, wielding a +0 club (severely wounded)
You freeze the gnoll.
The gnoll is almost dead.
The gnoll hits you from afar with a +0 halberd!
* * * LOW HITPOINT WARNING * * *
The gnoll barely misses you. The gnoll misses you.
Casting: Freeze (safe; 3% risk of failure)
Confirm with . or Enter, or press ? or * to list all spells.
Okay, then.
The gnoll hits you from afar with a +0 spear.
You die...

#. ###### #.
#....##### #.
#..........####.
#.........g..l..
#.........S####.
####g........ ##
##g...(.......
##..@.g........
#..............
#..............
#..............
#..............
#..............
##............#
##..........
########.


You could see 3 gnolls.

Vanquished Creatures
  2 adders
  A leopard gecko (D:1)
  A bat (D:1)
  3 giant cockroaches (D:1)
  5 hobgoblins (D:1)
  9 jackals (D:1)
  6 kobolds
  4 frilled lizards (D:1)
  2 goblins (D:1)
  4 rats (D:1)
37 creatures vanquished.

Notes
Turn   | Place    | Note
-------+----------+-------------------------------------------
     0 | D:1      | Mevorra the Merfolk Ice Elementalist began the quest for
                  | the Orb.
     0 | D:1      | Reached XP level 1. HP: 13/13 MP: 3/3
    94 | D:1      | Reached XP level 2. HP: 6/19 MP: 0/5
    98 | D:1      | Learned a level 2 spell: Throw Frost
   580 | D:1      | Reached XP level 3. HP: 24/24 MP: 1/6
   603 | D:1      | Reached skill level 4 in Ice Magic
   988 | D:1      | Reached XP level 4. HP: 22/30 MP: 0/8
  1067 | D:2      | Slain by a gnoll

Levels and vault maps discovered:
D:1:      shiori_shiawase, layout_basic
D:2:      layout_rooms, uniq_crazy_yiuf_cottage

Skill      XL: |  1  2  3 |
---------------+----------+-----
Dodging        | 3 |  3.1
Ice Magic      | 4 |  4.1
Spellcasting   | 3 |  3.0
Stealth        | |  2.3
Conjurations   | |  0.7

Action                   |  1- 3 |  4- 6 || total
-------------------------+-------+-------++-------
Melee: Unarmed           |    59 |       ||    59
 Cast: Freeze            |    45 |     4 ||    49
       Throw Frost       |    12 |       ||    12
  Use: Scroll            |     3 |       ||     3
       Potion            |       |     1 ||     1
 Stab: Sleeping          |     1 |       ||     1
  Eat: Chunk             |     1 |       ||     1
Armor: Robe              |    23 |       ||    23
Dodge: Dodged            |    81 |     4 ||    85
